 Dungeon Crawl Stone Soup version 0.29.0-11-gd7f09526c8 (webtiles) character file.

Game seed: 2289983398868863000

7 xian the Sneak (level 1, 0/21 (22) HPs)
             Began as a Troll Delver on Sept 6, 2022.
             Slain by a river rat (4 damage)
             ... on level 4 of the Dungeon.
             The game lasted 00:02:37 (197 turns).

xian the Sneak (Troll Delver)                        Turns: 197, Time: 00:02:38

HP:   0/21 (22)     AC:  4    Str: 19    XL:     1   Next: 91%
MP:   0/0           EV:  9    Int:  6    God:
Gold: 25            SH:  0    Dex: 11    Spells: 0/0 levels left

rFire   . . .      SeeInvis .   a - +0 mace
rCold   . . .      Faith    .   (no shield)
rNeg    . . .      Spirit   .   b - +0 robe
rPois   .          Reflect  .   (helmet restricted)
rElec   .          Harm     .   (no cloak)
rCorr   .          Rampage  .   (gloves unavailable)
Will    .....                   (boots unavailable)
Stlth   ++........              (no amulet)
HPRegen 0.87/turn               (no ring)
MPRegen 0.07/turn               (no ring)

@: lightly drained
A: large, unfitting armour, claws 3, regeneration 1, shaggy fur 1, tough skin 1
a: no special abilities


You were on level 4 of the Dungeon.
You visited 1 branch of the dungeon, and saw 2 of its levels.

You collected 25 gold pieces.

Inventory:

Hand Weapons
 a - a +0 mace (weapon)
Missiles
 h - 8 stones (quivered)
Armour
 b - a +0 robe (worn)
Wands
 g - a wand of digging (3)
Scrolls
 c - a scroll of fog
 d - a scroll of poison {unknown}
 i - a scroll of acquirement {unknown}


   Skills:
 * Level 2.6 Fighting
 - Level 1.7 Maces & Flails
 * Level 0.9 Throwing
 - Level 1.5 Dodging
 - Level 2.7 Stealth


You couldn't memorise any spells.
You didn't know any spells.
Your spell library contained the following spells:

 Spells                   Type           Power      Damage    Failure   Level
 Static Discharge         Conj/Air       0%         3-3/arc   58%         2
 Lightning Bolt           Conj/Air       0%         1d11      100%        5
 Maxwell's Capacitive Co  Air            0%         ∞         100%        8


Dungeon Overview and Level Annotations

Branches:
Dungeon (5/15)
 Temple: D:4-7

Altars:

Portals:
Sewer: D:4


Innate Abilities, Weirdness & Mutations

You are too large for most types of armour.
You have claws for hands.
Your natural rate of healing is unusually fast.
You are covered in fur. (AC +1)
You have tough skin. (AC +1)


Message History

You closely miss the river rat.
The river rat bites you but does no damage.
You sock the river rat!
The river rat is almost dead.
The river rat barely misses you.
You barely miss the river rat. Your claw misses the river rat.
The river rat is almost dead.
The river rat bites you. The river rat bites you!
You hit the river rat but do no damage.
The river rat is almost dead.
The river rat bites you!
* * * LOW HITPOINT WARNING * * *
Unknown command.
You aren't carrying any potions.
As you read the scroll of fear, it crumbles to dust.
You assume a fearsome visage.
The river rat looks frightened! x2
The rat looks frightened!
The worm looks frightened!
The river rat looks frightened! x2
Unknown command.
You hear the rusting of a drain.
Found a scroll labelled OHOPNUIPUTY.
A necrophage comes into view.
The necrophage hits you but does no damage.
The river rat seems to regain its courage.
The necrophage attacks as you move away!
The necrophage hits you but does no damage.
You hit the river rat but do no damage. The necrophage hits you.
The river rat bites you but does no damage.
You barely miss the river rat.
The river rat is severely wounded.
The river rat bites you. The necrophage closely misses you.
The river rat closely misses you. The river rat bites you. x2
The necrophage hits you but does no damage.
The river rat closely misses you. The river rat barely misses you.
You closely miss the river rat.
The river rat is severely wounded.
The necrophage hits you.
You feel drained. The river rat bites you.
* * * LOW HITPOINT WARNING * * *
The river rat bites you.
You die...

**,**,*,*#..,,,* *,* #...##
*,**,*,##.#,*,* *,*###.>..#
#.**,,,,...,,,* *,*#...<...
#.****,*#.#,*** *,##.......
#.#***,*#.#+## *.#*.......
##..,,,,*#....####.####....#
#...****##................##
##..* ##...r...w######....)
##...####..n@r...#†~~~~#.#.##
*#............r...#~~~~r#.....
#.................#~wr~r#.#.#.
#.##?.###.#.......#~r~r~#...#.
*,*##.* #.##......#######..##.
*,*,..**#.###...#.............
*,,...,,..# ##+########.......
**#.##**### *,* ####.### #.*
*,* *.#


You could see a necrophage, a worm (wandering) and 3 river rats.

Vanquished Creatures
  3 orcs (D:4)
  A giant cockroach (D:4)
4 creatures vanquished.

Notes
Turn   | Place    | Note
-------+----------+-------------------------------------------
     0 | D:5      | xian the Troll Delver began the quest for the Orb.
     0 | D:5      | Reached XP level 1. HP: 22/22 MP: 0/0
     8 | D:5      | Noticed an iguana
   127 | D:4      | Found a glowing drain.
   184 | D:4      | Noticed a necrophage
   197 | D:4      | Slain by a river rat

Illustrated notes

Levels and vault maps discovered:
D:4:      layout_loops_corners, portal_sewer_entry_c,
          chequers_serial_rivers_large_a, grunt_decor_one_mirror,
          nicolae_alphabet_shops
D:5:      layout_loops_cross, nicolae_hepliaklqana_hippocampus,
          minmay_temple_entry_overgrown, kennysheep_flooded_box,
          hangedman_decor_peaks_small, minivault_11, uniq_grinder,
          uniq_menkaure, uniq_pikel, uniq_duvessa

Action                   || total
-------------------------++-------
Melee: Mace              ||    26
  Use: Scroll            ||     2
       Potion            ||     1
Armor: Robe              ||     8
Dodge: Dodged            ||    18
